 Dungeon Crawl Stone Soup version 0.24-a0-769-g368c1644f8 (webtiles) character file.

Game seed: 5124172953658558696, levelgen mode: deterministic

106738 Gargoyl the Cleaver (level 15, 0/128 HPs)
             Began as a Centaur Abyssal Knight on Oct 4, 2019.
             Was a High Priest of Lugonu.
             Incinerated by a balrug (4 damage)
             ... with a sticky flame
             ... on level 1 of the Abyss on Oct 6, 2019.
             The game lasted 00:49:16 (24776 turns).

Gargoyl the Cleaver (Centaur Abyssal Knight)       Turns: 24776, Time: 00:49:17

Health: 0/128      AC: 19    Str: 22    XL:     15   Next: 98%
Magic:  23/33      EV:  5    Int: 11    God:    Lugonu [*****.]
Gold:   1325       SH: 17    Dex: 12    Spells: 14/14 levels left

rFire    . . .     SeeInvis .   e - +9 war axe "Hegg" {speed, rPois Int+2 Dex-3}
rCold    . . .     Gourm    .   g - +5 shield
rNeg     + . .     Faith    .   y - +4 plate armour
rPois    +         Spirit   .   h - +2 hat
rElec    .         Reflect  .   F - +0 cloak
rCorr    .         Harm     .   (no gloves)
MR       +....                  (no barding)
Stlth    ..........             v - amulet of regeneration
HPRegen  0.71/turn              C - ring of positive energy
MPRegen  0.23/turn              R - ring of Recloxki {MP+9 Str+2 Int-2 Dex+3}

@: liquid flames, slowed, glowing, heavily drained
A: large, hooves 3, blurry vision 1, deformed body, speed 2, strong 1, tough
skin 3
a: Depart the Abyss, Bend Space, Banish, Corrupt, Enter the Abyss, Renounce
Religion


You were on level 1 of the Abyss.
You worshipped Lugonu.
Lugonu was extremely pleased with you.
You were not hungry.

You visited 4 branches of the dungeon, and saw 24 of its levels.
You visited the Abyss 5 times.
You also visited: Ice Cave.

You collected 2304 gold pieces.
You spent 979 gold pieces at shops.

Inventory:

Hand Weapons
 a - a +9 hand axe of electrocution
 e - the +9 war axe "Hegg" (weapon) {speed, rPois Int+2 Dex-3}
   (You found it on level 2 of the Abyss)

   Attacks with this weapon are significantly faster.
   It affects your intelligence (+2).
   It affects your dexterity (-3).
   It protects you from poison.
 t - a +1 broad axe of draining
 I - a +6 war axe of flaming
Missiles
 j - 44 boomerangs (quivered)
 A - 7 boomerangs of dispersal
Armour
 g - a +5 shield (worn)
 h - a +2 hat (worn)
 y - a +4 plate armour (worn)
 F - a +0 cloak (worn)
Jewellery
 m - an uncursed ring of see invisible
 v - an amulet of regeneration (around neck)
 w - an uncursed ring of positive energy
 C - a ring of positive energy (left hand)
 P - an uncursed ring of protection from cold
 R - the ring of Recloxki (right hand) {MP+9 Str+2 Int-2 Dex+3}
   (You found it on level 6 of the Lair of Beasts)

   [ring of magical power]

   It affects your strength (+2).
   It affects your intelligence (-2).
   It affects your dexterity (+3).
   It affects your magic capacity (+9).
Wands
 k - a wand of paralysis (6)
 E - a wand of iceblast (11)
 J - a wand of flame (46)
 K - a wand of random effects (11)
 M - a wand of acid (14)
 Q - a wand of polymorph (10)
Scrolls
 i - 9 scrolls of teleportation
 l - 2 scrolls of blinking
 q - 4 scrolls of magic mapping
 z - 9 scrolls of remove curse
 D - 7 scrolls of identify
 H - a scroll of fear
 S - a scroll of summoning
Potions
 b - a potion of haste
 d - 3 potions of lignification
 f - 2 potions of heal wounds
 n - 4 potions of resistance
 o - a potion of brilliance
 p - 4 potions of curing
 r - 3 potions of flight
 s - a potion of agility
 u - 5 potions of might
 x - a potion of invisibility
 B - 4 potions of cancellation
 G - a potion of ambrosia
Comestibles
 c - 41 rations
 L - 3 chunks of flesh


   Skills:
 + Level 10.9(9.5) Fighting
 + Level 14.5(13.0) Axes
 + Level 3.3(2.2) Throwing
 * Level 9.8(8.5) Armour
 + Level 1.8(0.7) Dodging
 * Level 10.6(9.3) Shields
 * Level 12.7(11.2) Invocations


You had 14 spell levels left.
You didn't know any spells.
Your spell library contained the following spells:

 Spells                   Type           Power        Failure   Level  Hunger
 Confusing Touch          Hex            #.....       99%         1    ##.....
 Confuse                  Hex            #.......     100%        3    ####...
 Gell's Gravitas          Tloc           #.........   100%        3    ####...
 Ice Form                 Ice/Tmut       #.......     100%        4    #####..
 Petrify                  Tmut/Erth      #.......     100%        4    #####..
 Bolt of Magma            Conj/Fire/Erth #.........   100%        5    ######.
 Iskenderun's Battlesphe  Conj/Chrm      #.......     100%        5    ######.
 Metabolic Englaciation   Hex/Ice        #.........   100%        5    ######.
 Venom Bolt               Conj/Pois      #.........   100%        5    ######.
 Yara's Violent Unravell  Hex/Tmut       #.........   100%        5    ######.
 Bolt of Cold             Conj/Ice       #.........   100%        6    #######
 Freezing Cloud           Conj/Ice/Air   #.........   100%        6    #######
 Iron Shot                Conj/Erth      #.........   100%        6    #######
 Ozocubu's Refrigeration  Ice            #.........   100%        6    #######
 Simulacrum               Ice/Necr       #.........   100%        6    #######
 Orb of Destruction       Conj           #.........   100%        7    #######
 Spellforged Servitor     Conj/Summ      #.........   100%        7    #######


Dungeon Overview and Level Annotations

Branches:
Dungeon (15/15)            Temple (0/1) D:6            Lair (6/6) D:9
 Shoals (0/4) Lair:4       Spider (0/4) Lair:2        Slime (0/5) Lair:6
    Orc (2/2) D:10            Elf (1/3) Orc:2        Vaults (0/5) D:14
 Depths (0/5) D:15          IceCv (visited)

Altars:
Cheibriados
Dithmenos
Elyvilon
Fedhas
Gozag
Makhleb
Okawaru
Qazlal
Wu Jian
Yredelemnul
Beogh

Shops:
D:5 ?=:   D:9 (   D:11 *   D:15 %%*   Orc:1 ?   Orc:2 ?%}[

Portals:
Pandemonium: Orc:2

Annotations:
Abyss:1 Azrael


Innate Abilities, Weirdness & Mutations

You have hooves in place of feet.
Armour fits poorly on your strangely shaped body.
You cover ground very quickly.
You have extremely tough skin. (AC +3)
Scrolls take you a little longer to read.
Your muscles are strong. (Str +2)


Message History

The shard of ice hits you!!
* * * LOW HITPOINT WARNING * * *
Unknown command.
You feel much better.
You are covered in liquid flames!
* * * LOW HITPOINT WARNING * * *
The balrug disappears in a puff of smoke!
The deep elf archer shoots an arrow.
You block the arrow.
The deep elf demonologist mumbles some strange words.
The deep elf demonologist casts a spell.
The deep elf archer shouts!
To return, you must find a gate leading back.
Killing monsters will force the Abyss to allow you passage.
This branch contains the abyssal rune of Zot.
Level annotation: Azrael Reactivating autopickup.
You feel a lot more hungry.
Lugonu is no longer ready to corrupt your weapon.
You are covered in liquid flames!
You die...

.... ....
#..# . #∩.
# ..
..?.##...
##.#......
#.........
#.@.......
#.##.....#
#. .....
#. .... #.
#.# #. .
.# .


There were no monsters in sight!

Vanquished Creatures
  Jorgrun (D:14)
  Rupert (D:15)
  Louise (D:15)
  A deep elf demonologist (Elf:1)
  A fire dragon (D:15)
  Fannar (Orc:1)
  3 vault guards (D:14)
  Harold (Lair:2)
  3 hydras
  An ice dragon (D:15)
  2 centaur warriors
  A catoblepas (Lair:6)
  2 two-headed ogres
  8 dancing weapons
  A tengu warrior (D:14)
  A deep troll shaman (Lair:6)
  5 orc high priests (Orc:2)
  5 death yaks
  Sonja (Lair:3)
  A sixfirhy (Orc:2)
  2 deep elf knights (Elf:1)
  3 gelid demonspawn (Orc:2)
  A torturous demonspawn (Orc:2)
  An unseen horror (D:14)
  4 deep elf archers
  Pikel (D:6)
  2 lindwurms (Lair:6)
  4 orc knights (Orc:2)
  2 oklob plants (Lair:6)
  4 deep elf magi (Elf:1)
  8 orc sorcerers (Orc:2)
  4 cyclopes
  2 manticores (D:14)
  7 ugly things
  20 elephants
  4 black mambas
  8 spiny frogs
  A torpor snail (Lair:6)
  5 centaur skeletons
  A gargoyle (D:13)
  An orange demon (Orc:2)
  7 komodo dragons
  An efreet (D:14)
  A rime drake (Lair:3)
  A rime drake (shapeshifter) (D:13)
  A freezing wraith (D:14)
  A tengu conjurer (D:14)
  A kobold demonologist (D:13)
  2 ice devils (Lair:3)
  2 hellwings (Orc:2)
  8 trolls
  2 jumping spiders (Lair:2)
  A polar bear (shapeshifter) (D:14)
  17 polar bears
  5 slime creatures
  4 dream sheep (Lair:5)
  5 hippogriffs
  3 blink frogs (Lair:6)
  3 shadows
  Sigmund (D:4)
  A spriggan (D:7)
  A vampire (D:13)
  5 redbacks (Lair:2)
  3 water elementals (Elf:1)
  2 wyverns
  29 yaks
  2 wraiths
  4 fire elementals
  8 humans (D:14)
  3 basilisks
  3 hungry ghosts
  6 vampire mosquitoes
  Menkaure (D:6)
  8 wargs
  3 acid dragons
  8 water moccasins
  3 hell hounds (D:13)
  A soldier ant (shapeshifter) (D:14)
  A swamp drake (D:10)
  7 porcupines
  32 orc warriors
  3 sky beasts
  32 wolves
  2 eyes of draining
  A necrophage (D:13)
  4 phantoms
  2 ice beasts
  8 ogres
  21 centaurs
  A crocodile (shapeshifter) (D:15)
  10 crocodiles
  A big kobold (D:8)
  16 bullfrogs
  5 gnoll sergeants (D:9)
  A wyvern zombie (D:7)
  2 scorpions
  5 wights (D:10)
  A howler monkey (D:12)
  An electric eel (Lair:6)
  8 crimson imps
  2 bullfrog zombies (D:9)
  2 centaur zombies
  11 hounds
  A bullfrog skeleton (D:5)
  3 jellies
  31 orc priests
  4 gnoll shamans
  20 orc wizards
  5 iguanas
  11 worker ants
  A killer bee zombie (D:8)
  A hound skeleton (D:9)
  A hound zombie (D:6)
  A mummy (D:4)
  42 gnolls
  19 adders
  5 shadow imps
  4 oozes
  2 adder skeletons
  3 worms
  3 leopard geckos
  68 orcs
  2 ball pythons
  5 bats
  6 giant cockroaches
  9 goblins
  6 hobgoblins
  14 jackals
  7 quokkas
  8 frilled lizards
  A hobgoblin zombie (D:4)
  16 kobolds
  A kobold zombie (D:4)
  2 orc zombies (D:4)
  A quokka skeleton (D:5)
  6 rats
  A fungus (Lair:5)
  3 plants
775 creatures vanquished.

Vanquished Creatures (others)
  A frost giant (IceCv)
  The ghost of Viasus the Prestidigitator, a journeyman GnAr of Trog (Lair:3)
  A vault guard (D:14)
  A hydra (Lair:1)
  2 polar bears (IceCv)
  2 jumping spiders (Lair:2)
  A water elemental (Elf:1)
  An orc wizard (Orc:2)
  A fungus (Lair:3)
11 creatures vanquished.

Grand Total: 786 creatures vanquished

Notes
Turn   | Place    | Note
-------+----------+-------------------------------------------
     0 | Abyss:1  | Gargoyl the Centaur Abyssal Knight began the quest for the
                  | Orb.
     0 | Abyss:1  | Reached XP level 1. HP: 19/19 MP: 2/2
    47 | Abyss:2  | Found a corrupted altar of Lugonu.
    49 | Abyss:2  | Got a jewelled war axe
    50 | Abyss:2  | Identified the +9 war axe "Hegg" {speed, rPois Int+2 Dex-3}
                  | (You found it on level 2 of the Abyss)
    75 | Abyss:2  | Noticed a great orb of eyes
    78 | Abyss:3  | Found a corrupted altar of Lugonu.
    82 | Abyss:3  | a shapeshifter changed into something unseen
    83 | D:1      | Escaped the Abyss
   139 | D:1      | Reached XP level 2. HP: 26/26 MP: 3/3
   188 | D:1      | Reached * piety under Lugonu
   428 | D:1      | Reached skill level 2 in Axes
   428 | D:1      | Reached XP level 3. HP: 28/31 MP: 4/4
   908 | D:2      | Reached skill level 1 in Dodging
  1210 | D:2      | Reached XP level 4. HP: 31/38 MP: 5/5
  1362 | D:3      | Reached ** piety under Lugonu
  1478 | D:3      | Reached skill level 1 in Shields
  1568 | D:3      | Reached XP level 5. HP: 45/45 MP: 7/7
  1845 | D:3      | Found a stormy altar of Qazlal.
  1918 | D:3      | Found a blossoming altar of Fedhas.
  2280 | D:4      | Found an opulent altar of Gozag.
  2287 | D:4      | Reached skill level 3 in Axes
  2372 | D:4      | Reached XP level 6. HP: 49/52 MP: 8/8
  2522 | D:4      | Noticed Sigmund
  2528 | D:4      | Killed Sigmund
  2738 | D:5      | Entered Level 5 of the Dungeon
  2788 | D:5      | Reached skill level 4 in Axes
  2788 | D:5      | Reached XP level 7. HP: 49/59 MP: 9/9
  2855 | D:5      | Reached *** piety under Lugonu
  3026 | D:5      | Found an iron altar of Okawaru.
  3218 | D:5      | Found Weax's Magic Scroll Boutique.
  3223 | D:5      | Bought a scroll of teleportation for 45 gold pieces
  3267 | D:5      | Found Koyqot's Jewellery Emporium.
  3307 | D:5      | Found Rikhofos's Book Boutique.
  3366 | D:6      | Noticed Pikel
  3370 | D:6      | Killed Pikel
  3370 | D:6      | Reached skill level 5 in Axes
  3370 | D:6      | Reached XP level 8. HP: 67/67 MP: 11/11
  3602 | D:6      | Found a staircase to the Ecumenical Temple.
  3670 | D:6      | Reached skill level 6 in Axes
  3711 | D:6      | Reached skill level 5 in Fighting
  3756 | D:6      | Reached skill level 5 in Invocations
  3916 | D:6      | Found a white marble altar of Elyvilon.
  3942 | D:6      | Reached XP level 9. HP: 74/74 MP: 12/12
  3990 | D:6      | Noticed Menkaure
  3995 | D:6      | Killed Menkaure
  4244 | D:7      | Reached **** piety under Lugonu
  4302 | D:7      | Reached skill level 7 in Axes
  4458 | D:7      | Found a blossoming altar of Fedhas.
  4532 | D:7      | Found a basalt altar of Yredelemnul.
  6203 | D:8      | Reached skill level 8 in Axes
  6313 | D:9      | Found a staircase to the Lair.
  6379 | D:9      | Reached ***** piety under Lugonu
  6408 | D:9      | Reached XP level 10. HP: 29/83 MP: 14/14
  6767 | D:9      | Reached skill level 5 in Armour
  6925 | D:9      | Found a snail-covered altar of Cheibriados.
  6926 | D:9      | Found a burning altar of Makhleb.
  7005 | D:9      | Found Isara's Weapon Boutique.
  7250 | D:9      | Found an ornate altar of the Wu Jian Council.
  7525 | Lair:1   | Entered Level 1 of the Lair of Beasts
  7572 | Lair:1   | Noticed a spiny frog
  7574 | Lair:1   | Noticed a spiny frog
  7580 | Lair:1   | Killed a spiny frog
  7580 | Lair:1   | Reached skill level 9 in Axes
  7585 | Lair:1   | Killed a spiny frog
  7585 | Lair:1   | Reached skill level 5 in Shields
  7586 | Lair:1   | Noticed a spiny frog
  7595 | Lair:1   | Killed a spiny frog
  7718 | Lair:1   | Noticed a four-headed hydra
  7720 | Lair:1   | Banished a four-headed hydra
  7720 | Lair:1   | Reached skill level 1 in Throwing
  7884 | Lair:1   | Noticed a black mamba
  7891 | Lair:1   | Killed a black mamba
  8218 | Lair:1   | Got a crude hand crossbow
  8219 | Lair:1   | Identified the +5 hand crossbow "Vouqiw" {elec, *Slow rF+
                  | rC+ MP+9} (You found it on level 1 of the Lair of Beasts)
  8449 | Lair:2   | Noticed a black mamba
  8462 | Lair:2   | Reached XP level 11. HP: 61/90 MP: 16/16
  8797 | Lair:2   | Found a hole to the Spider Nest.
  9142 | Lair:2   | Found a burning altar of Makhleb.
  9146 | Lair:2   | Noticed Harold
  9166 | Lair:2   | Killed Harold
  9644 | Lair:3   | Reached skill level 10 in Axes
  9646 | Lair:3   | Found a frozen archway.
  9776 | IceCv    | Entered an ice cave
 10130 | IceCv    | Noticed a death yak
 10151 | IceCv    | Killed a death yak
 10336 | IceCv    | Reached XP level 12. HP: 86/100 MP: 18/18
 10529 | IceCv    | Noticed a frost giant
 10537 | IceCv    | Reached skill level 11 in Axes
 10548 | IceCv    | Banished a frost giant
 10677 | IceCv    | Got a sparkling wooden ring
 10739 | Lair:3   | Identified the ring "Zeil" {MR+ Int+4} (You found it in an
                  | ice cave)
 10847 | Lair:3   | Found a runed translucent gate.
 10847 | Lair:3   | Found a runed translucent gate.
 10847 | Lair:3   | Found a runed translucent gate.
 10849 | Lair:3   | Noticed Viasus's ghost (journeyman GnAr)
 10911 | Lair:3   | Banished Viasus's ghost
 11491 | Lair:3   | Noticed Sonja
 11527 | Lair:3   | Killed Sonja
 12250 | Lair:4   | Found a staircase to the Shoals.
 12694 | Lair:5   | Got a smoking chain mail
 12723 | Lair:4   | Identified the +4 chain mail "Axzodghi" {rPois rF+} (You
                  | found it on level 5 of the Lair of Beasts)
 12841 | Lair:5   | Reached XP level 13. HP: 107/107 MP: 20/20
 13336 | Lair:6   | Entered Level 6 of the Lair of Beasts
 13454 | Lair:6   | Reached skill level 10 in Invocations
 14114 | Lair:6   | Reached skill level 12 in Axes
 14195 | Lair:6   | Identified a scroll of acquirement
 14196 | Lair:6   | Got a translucent centaur barding
 14202 | Lair:6   | Identified the +3 centaur barding "Wuxkito" {-Tele Regen+
                  | rCorr Int+5} (You acquired it on level 6 of the Lair of
                  | Beasts)
 14618 | Lair:6   | Got a warped pewter ring
 14626 | Lair:6   | Identified the ring of Recloxki {MP+9 Str+2 Int-2 Dex+3}
                  | (You found it on level 6 of the Lair of Beasts)
 14725 | Lair:6   | Found a staircase to the Slime Pits.
 14750 | Lair:6   | Reached ****** piety under Lugonu
 15011 | D:10     | Entered Level 10 of the Dungeon
 15260 | D:10     | Found a shadowy altar of Dithmenos.
 15412 | D:10     | Found a staircase to the Orcish Mines.
 15959 | D:11     | Found Botuhaon's General Store.
 15994 | D:11     | Reached XP level 14. HP: 118/118 MP: 22/22
 17051 | D:13     | Reached skill level 13 in Axes
 17410 | D:13     | Noticed Azrael
 17485 | D:13     | Escaped the Abyss
 17493 | D:13     | Banished Azrael
 18953 | D:14     | Found a gate to the Vaults.
 19106 | D:15     | Entered Level 15 of the Dungeon
 19191 | D:15     | Noticed Louise
 19194 | D:15     | Noticed Jorgrun
 19199 | D:15     | Reached skill level 10 in Fighting
 19215 | D:15     | Found Besutsad's Food Boutique.
 19658 | D:14     | Killed Jorgrun
 19935 | D:15     | Cast into level 2 of the Abyss (Louise)
 19977 | D:15     | Escaped the Abyss
 19988 | D:15     | Killed Louise
 20064 | D:15     | Reached XP level 15. HP: 88/126 MP: 23/23
 20521 | D:15     | Found Egizuk's Food Shop.
 20521 | D:15     | Noticed Rupert
 20537 | D:15     | Killed Rupert
 20668 | D:15     | Found a staircase to the Depths.
 20737 | D:15     | Found Baud's General Store.
 20760 | D:15     | Bought a potion of curing for 42 gold pieces
 21049 | Orc:1    | Entered Level 1 of the Orcish Mines
 21120 | Orc:2    | Entered Level 2 of the Orcish Mines
 21144 | Orc:2    | Reached skill level 10 in Shields
 21361 | Orc:1    | Found Marghypu's Magic Scroll Boutique.
 21378 | Orc:1    | Bought a scroll of enchant weapon for 112 gold pieces
 21378 | Orc:1    | Bought a scroll of summoning for 142 gold pieces
 21382 | Orc:1    | Bought 3 scrolls of teleportation for 135 gold pieces
 21382 | Orc:1    | Bought a scroll of teleportation for 45 gold pieces
 21436 | Orc:1    | Noticed Fannar
 21457 | Orc:1    | Killed Fannar
 21536 | Orc:1    | Found a roughly hewn altar of Beogh.
 21736 | Orc:2    | Found Cyrizuom's Food Shop.
 21754 | Orc:2    | Found Zivot's Magic Scroll Boutique.
 21854 | Orc:2    | Reached skill level 14 in Axes
 22665 | Orc:2    | Found a staircase to the Elven Halls.
 22758 | Orc:2    | Bought a scroll of enchant armour for 97 gold pieces
 22801 | Orc:2    | Paralysed by an orc sorcerer for 3 turns
 23133 | Orc:2    | Found Uniat's Antique Armour Shoppe.
 23133 | Orc:2    | Found a one-way gate leading to the halls of Pandemonium.
 23133 | Orc:2    | Found Gyli's Gadget Emporium.
 23141 | Orc:2    | Bought a distressingly furry buckler for 361 gold pieces
 23141 | Orc:2    | Identified the cursed -6 buckler of Zarghe Di Moy {*Slow
                  | rPois rN+ MR+++ Regen+} (You bought it in a shop on level 2
                  | of the Orcish Mines)
 23500 | Orc:2    | Gained mutation: Scrolls take you a little longer to read.
                  | [potion of mutation]
 23500 | Orc:2    | Gained mutation: You are frail. (-10% HP) [potion of
                  | mutation]
 23500 | Orc:2    | Gained mutation: Your muscles are strong. (Str +2) [potion
                  | of mutation]
 23500 | Orc:2    | Lost mutation: You are frail. (-10% HP) [potion of
                  | mutation]
 23566 | Elf:1    | Entered Level 1 of the Elven Halls
 23578 | Elf:1    | Cast into level 2 of the Abyss (a deep elf demonologist)
 23610 | Elf:1    | Escaped the Abyss
 24436 | Elf:1    | Noticed an Ice Fiend
 24776 | Abyss:1  | Incinerated by a balrug

Levels and vault maps discovered:
D:1:      giann_bridges, layout_basic
D:2:      layout_rooms, first_ration
D:3:      layout_basic, nicolae_qazlal_eye_of_the_storm, fedhas_altar_4
D:4:      layout_rooms, lemuel_round_altar, minmay_mini_ossuary, uniq_sigmund
D:5:      layout_rooms, okawaru_altar_gauntlet_db, serial_shops, shop,
          kennysheep_little_box, shop, minmay_starry_boxes
D:6:      layout_loops_corners, nicolae_overflow_hidden_temple,
          minmay_temple_entry_antechambers, uniq_menkaure, uniq_pikel
D:7:      layout_basic, kennysheep_mini_moat, old_standard_altar, the_bakery,
          moated_statue
D:8:      layout_layer_cave
D:9:      layout_cave_pools, nicolae_overflow_crystal_walls,
          gammafunk_temple_overflow_statue, erik_lair_orcish_takeover,
          serial_shops, shop, serial_gnoll_camp, gnoll_camp_mini_house,
          gnoll_camp_medium_02, gnoll_camp_huts_moat, gnoll_camp_mini_basic,
          gnoll_camp_mini_hut, serial_bayou_lagoon_a
D:10:     layout_loops_cross, erik_orc_1, ebering_dispersal_statue_hall,
          serial_park_tiny_pond, nicolae_dithmenos_through_a_glass_darkly
D:11:     layout_basic, serial_shops, nicolae_shop_behind_doors
D:12:     layout_roguey
D:13:     layout_loops_ring, uniq_azrael
D:14:     layout_irregular_city, ximxim_vaults_locker_room,
          hangedman_abyss_or_decor_jellyfish_corner, minmay_misc_feat_cross
D:15:     grunt_enter_depths_hoard, layout_basic, serial_shops, shop, shop,
          shop_fountains, uniq_rupert, uniq_louise, uniq_jorgrun
Lair:1:   layout_long_grid
Lair:2:   layout_gridlike, nicolae_spider_entry_tight_spaces, basic_altar,
          uniq_harold
Lair:3:   layout_regular_city, portal_ice_cave_demonic_guard,
          ebering_ghost_rock_garden, eino_small_chamber_without_monster,
          uniq_sonja
Lair:4:   layout_misc_corridors, minmay_shoals_entry_centaurs
Lair:5:   layout_loops_ring
Lair:6:   grunt_lair_end_beastmaster, layout_gridlike,
          minmay_slime_entry_oklob_enclosed, grunt_megastairs_3,
          lemuel_fruit_fields
Orc:1:    layout_diamond_mine, basic_altar, serial_shops,
          nicolae_shop_temple_entry_statues_fountains, uniq_fannar
Orc:2:    pf_orc_diabolical, layout_caves
Elf:1:    layout_loops_corners, orc_legates, grunt_ministairs_9
Abyss:1

Skill      XL: |  1  2  3  4  5  6  7  8  9 10 11 12 13 14 15 |
---------------+----------------------------------------------+-----
Axes           | 2 3 4 5 6 8 9 10 11 12 13 14 | 14.5
Dodging        | 1 |  1.8
Armour         | 2 3 4 5 6 7 8 9 |  9.8
Shields        | 1 2 3 4 5 6 7 8 9 10 | 10.6
Fighting       | 4 5 6 7 8 9 10 | 10.9
Invocations    | 3 4 5 6 7 8 9 10 11 12 | 12.7
Throwing       | 1 2 3 |  3.3

Action                   |  1- 3 |  4- 6 |  7- 9 | 10-12 | 13-15 || total
-------------------------+-------+-------+-------+-------+-------++-------
Melee: War axe           |    73 |    94 |   229 |   635 |  1522 ||  2553
       Kick              |     3 |     8 |    47 |   157 |   472 ||   687
       Hand axe          |       |       |       |       |    33 ||    33
Throw: Boomerang         |       |       |       |    14 |    23 ||    37
Invok: Depart the Abyss  |     1 |       |       |       |     3 ||     4
       Bend Space        |       |       |     3 |       |     2 ||     5
       Banish            |       |       |       |     6 |     1 ||     7
       Enter the Abyss   |       |       |       |       |     2 ||     2
  Use: Scroll            |     9 |    12 |     9 |    10 |    29 ||    69
       Potion            |       |       |       |     3 |     5 ||     8
 Stab: Petrified         |       |       |       |       |     3 ||     3
       Petrifying        |       |       |       |       |     1 ||     1
       Distracted        |       |       |       |       |     1 ||     1
  Eat: Chunk             |       |     3 |    10 |    19 |    24 ||    56
       Ration            |       |       |       |       |     4 ||     4
Armor: Leather armour    |    28 |       |       |       |       ||    28
       Chain mail        |    24 |    37 |    44 |       |       ||   105
       Plate armour      |       |       |   102 |   300 |   523 ||   925
Dodge: Dodged            |    14 |     4 |    20 |    64 |   111 ||   213
Block: Shield            |    22 |    16 |   109 |   348 |   794 ||  1289

Table legend:
 A = Non-vault XP
 B = Vault XP
 C = Vault XP percentage of total XP
 D = Non-vault monster count
 E = Vault monster count
 F = Vault count percentage of total count
                 A         B        C        D         E       F
            +---------+---------+-------+---------+---------+-------
      Total |   79354 |   73130 |  48.0 |     483 |     295 |  37.9
            +---------+---------+-------+---------+---------+-------
        D:1 |      54 |       0 |   0.0 |      24 |       0 |   0.0
        D:2 |      62 |       0 |   0.0 |      14 |       0 |   0.0
        D:3 |     101 |       0 |   0.0 |      25 |       0 |   0.0
        D:4 |     170 |     242 |  58.7 |      11 |       6 |  35.3
        D:5 |     463 |     225 |  32.7 |      22 |      11 |  33.3
        D:6 |    1022 |     835 |  45.0 |      18 |       2 |  10.0
        D:7 |     478 |     220 |  31.5 |      13 |       1 |   7.1
        D:8 |     895 |     363 |  28.9 |      21 |       3 |  12.5
        D:9 |     644 |    1450 |  69.2 |      18 |      55 |  75.3
       D:10 |    2666 |     599 |  18.3 |      18 |      17 |  48.6
       D:11 |    4591 |       0 |   0.0 |      30 |       0 |   0.0
       D:12 |    2777 |       0 |   0.0 |      23 |       0 |   0.0
       D:13 |    6608 |    1462 |  18.1 |      27 |       6 |  18.2
       D:14 |   10250 |    7622 |  42.6 |      37 |      12 |  24.5
       D:15 |    9697 |    6771 |  41.1 |      27 |       4 |  12.9
     Lair:1 |    3355 |       0 |   0.0 |      12 |       0 |   0.0
     Lair:2 |    2227 |    2988 |  57.3 |       9 |      10 |  52.6
     Lair:3 |    4030 |    2639 |  39.6 |      11 |       4 |  26.7
     Lair:4 |    2033 |     330 |  14.0 |      10 |       3 |  23.1
     Lair:5 |    2721 |    1383 |  33.7 |      11 |       5 |  31.2
     Lair:6 |    7048 |   12046 |  63.1 |      20 |      26 |  56.5
      Orc:1 |    1741 |    1028 |  37.1 |      21 |       1 |   4.5
      Orc:2 |    4493 |   18378 |  80.4 |      43 |      69 |  61.6
      Elf:1 |   11228 |    3494 |  23.7 |      18 |      12 |  40.0
      IceCv |       0 |   11055 | 100.0 |       0 |      48 | 100.0
            +---------+---------+-------+---------+---------+-------
